 Dungeon Crawl Stone Soup version 0.27-a0-1256-gced786f65e (webtiles) character file.

Game seed: 14114123032087367593

23 BLEDA the Firebug (level 2, -2/20 HPs)
             Began as a Demigod Fire Elementalist on June 10, 2021.
             Killed from afar by Jessica (9 damage)
             ... with a puff of flame
             ... on level 2 of the Dungeon.
             The game lasted 00:03:43 (1271 turns).

BLEDA the Firebug (Demigod Fire Elementalist)       Turns: 1271, Time: 00:03:43

Health: -2/20      AC:  2    Str:  9    XL:     2   Next: 57%
Magic:  4/7        EV: 12    Int: 17    God:
Gold:   22         SH:  0    Dex: 14    Spells: 4/5 levels left

rFire    . . .     SeeInvis .   (no weapon)
rCold    . . .     Faith    .   (no shield)
rNeg     . . .     Spirit   .   a - +0 robe
rPois    .         Reflect  .   (no helmet)
rElec    .         Harm     .   (no cloak)
rCorr    .         Rampage  .   (no gloves)
Will     .....                  (no boots)
Stlth    ++........             (no amulet)
HPRegen  0.06/turn              (no ring)
MPRegen  0.10/turn              (no ring)

@: very slightly contaminated
A: high mp 1, forlorn
a: no special abilities


You were on level 2 of the Dungeon.
You visited 1 branch of the dungeon, and saw 2 of its levels.

You collected 22 gold pieces.

Inventory:

Armour
 a - a +0 robe (worn)
Scrolls
 c - a scroll of noise
Potions
 b - 2 potions of attraction {unknown}
 e - a potion of haste {unknown}


   Skills:
 + Level 2.1 Dodging
 + Level 2.1 Stealth
 + Level 2.0 Spellcasting
 + Level 1.2 Conjurations
 * Level 3.0 Fire Magic


You had 4 spell levels left.
You knew the following spells:

 Your Spells              Type           Power      Damage    Failure   Level
a - Foxfire               Conj/Fire      32%        2x1d5     9%          1

Your spell library contained the following spells:

 Spells                   Type           Power      Damage    Failure   Level
 Conjure Flame            Conj/Fire      8%         6-21      24%         3
 Inner Flame              Hex/Fire       6%         N/A       30%         3
 Confusing Touch          Hex            1%         N/A       50%         3
 Gell's Gravitas          Tloc           0%         N/A       50%         3
 Sticky Flame             Conj/Fire      8%         2d3       63%         4
 Petrify                  Tmut/Erth      1%         N/A       88%         4
 Fireball                 Conj/Fire      4%         3d4       92%         5
 Metabolic Englaciation   Hex/Ice        0%         N/A       99%         5
 Yara's Violent Unravell  Hex/Tmut       0%         3d3       99%         5


Dungeon Overview and Level Annotations

Branches:
Dungeon (2/15)

Annotations:
D:2 Jessica


Innate Abilities, Weirdness & Mutations

Your attributes grow dramatically as you level up.
You have an increased reservoir of magic. (+10% MP)
You shall have no god before yourself.


Message History

You hear a loud clanging noise!
It was a scroll of noise.
Okay, then.
Okay, then.
As you read the scroll labelled QEESCH GOAN, it crumbles to dust.
You feel momentarily disoriented.
It was a scroll of magic mapping.
There is a stone staircase leading down here.
You climb downwards.
A rat and Jessica come into view.
Jessica is wielding a +0 club and carrying a wand of flame (12).
Found a stone staircase leading down and a stone staircase leading up.
There is a stone staircase leading up here.
Casting: Foxfire (safe; 9% risk of failure)
Press: ? - help, Q - select action Dir - look around, f - activate You conjure some foxfire!
The foxfire hits the rat.
The rat is heavily wounded.
The foxfire hits Jessica.
Jessica is moderately wounded.
Casting: Foxfire (safe; 9% risk of failure)
Press: ? - help, Q - select action Dir - look around, f - activate You conjure some foxfire!
Jessica zaps a wand.
The puff of flame hits you!
Ouch! That really hurt!
* * * LOW HITPOINT WARNING * * *
The foxfire hits the rat.
You kill the rat!
The foxfire hits Jessica.
Jessica is heavily wounded.
Jessica mumbles some strange words.
Jessica blinks!
Jessica is nearby!
Casting: Foxfire (safe; 9% risk of failure)
Press: ? - help, Q - select action Dir - look around, f - activate You miscast Foxfire.
You are very lightly contaminated with residual magic.
Nothing appears to happen.
You can't go down here!
Jessica zaps a wand.
The puff of flame hits you!
You die...

.#.#######
.........#
.........#
.........#
.........#
.......†.#
.........######
<.>....@.......
..........####.
..........#
..@.......#
..........#
........#.#
#########.. ...


You could see Jessica.

Vanquished Creatures
  3 ball pythons (D:1)
  An endoplasm (D:1)
  4 giant cockroaches (D:1)
  4 goblins (D:1)
  2 hobgoblins (D:1)
  A quokka (D:1)
  2 bats (D:1)
  2 kobolds (D:1)
  A rat (D:2)
20 creatures vanquished.

Vanquished Creatures (others)
  57 foxfires
57 creatures vanquished.

Grand Total: 77 creatures vanquished

Notes
Turn   | Place    | Note
-------+----------+-------------------------------------------
     0 | D:1      | BLEDA the Demigod Fire Elementalist began the quest for the
                  | Orb.
     0 | D:1      | Reached XP level 1. HP: 14/14 MP: 5/5
   317 | D:1      | Reached skill level 1 in Conjurations
   515 | D:1      | Reached XP level 2. HP: 20/20 MP: 4/7
   873 | D:1      | Reached skill level 3 in Fire Magic
  1262 | D:2      | Noticed Jessica
  1271 | D:2      | Killed from afar by Jessica

Illustrated notes

Levels and vault maps discovered:
D:1:      lemuel_arrival_muddy, layout_basic,
          shapermc_ecumenical_altar_notcrosses, ebering_dispersal_statue_hall
D:2:      layout_basic, basic_altar, kennysheep_generic_room_15, uniq_jessica,
          uniq_crazy_yiuf_cottage

Skill      XL: |  1  2 |
---------------+-------+-----
Conjurations   | 1 |  1.2
Stealth        | 2 |  2.1
Dodging        | 2 |  2.1
Fire Magic     | 3 |  3.0
Spellcasting   | 2 |  2.0

Action                   || total
-------------------------++-------
Melee: Unarmed           ||    10
 Cast: Foxfire           ||    33
  Use: Scroll            ||     2
Armor: Robe              ||     4
Dodge: Dodged            ||    15

Table legend: (Time is in decaauts)
 A = Elapsed time spent in this place.
 B = Non-inter-level travel time spent in this place.
 C = Inter-level travel time spent in this place.
 D = Time resting spent in this place.
 E = Time spent auto-exploring this place.
 F = Levels seen in this place.
 G = Mean time per level.
                   A        B        C        D        E       F      G
               +--------+--------+--------+--------+--------+-----+--------+
         Total |   1271 |   1227 |     44 |      0 |   1085 |   2 |  635.5 |
       Dungeon |   1271 |   1227 |     44 |      0 |   1085 |   2 |  635.5 |
               +--------+--------+--------+--------+--------+-----+--------+

Top non-repeatable levels by time:
     D:1: 1262 daAuts
     D:2: 8 daAuts
